 Dungeon Crawl Stone Soup version 0.31.0-9-g3a7656b989 (webtiles) character file.

Game seed: 7791245118487134103

1217 qw the Skirmisher (level 8, -6/46 HPs)
             Began as a Deep Elf Hunter on Feb 2, 2024.
             Mangled by a gnoll sergeant
             ... wielding a +1 spear of freezing
              (7 damage)
             ... on level 5 of the Dungeon.
             The game lasted 00:00:24 (4599 turns).

qw the Skirmisher (Deep Elf Hunter)                 Turns: 4599, Time: 00:00:24

Health: -6/46      AC:  9    Str: 10    XL:     8   Next: 22%
Magic:  10/10      EV: 12    Int: 15    God:
Gold:   232        SH:  0    Dex: 18    Spells: 7/7 levels left

rFire   . . .        a - +0 shortbow
rCold   . . .        (shield currently unavailable)
rNeg    . . .        c - +1 ring mail
rPois   .            b - +2 helmet
rElec   +            d - scarf "Ujirav" {shadows, rElec}
rCorr   .            (no gloves)
SInv    .            (no boots)
Will    .....        (no amulet)
Stlth   +            (no ring)
HPRegen 0.27/turn    (no ring)
MPRegen 0.12/turn

%: no passive effects
@: about to teleport
A: no striking features
a: no special abilities


You were on level 5 of the Dungeon.
You visited 2 branches of the dungeon, and saw 6 of its levels.

You collected 232 gold pieces.


   Skills:
 - Level 3.0 Fighting
 - Level 12.0 Ranged Weapons
 - Level 2.4 Armour
 + Level 3.9 Dodging
 - Level 1.2 Stealth


You had 7 spell levels left.
You didn't know any spells.
Your spell library was empty.

Inventory:

Hand Weapons
 a - a +0 shortbow (weapon)
Armour
 b - a +2 helmet (worn)
 c - a +1 ring mail (worn)
 d - the scarf "Ujirav" (worn) {shadows, rElec}
   (You acquired it on level 1 of the Dungeon)

   rElec:     It insulates you from electricity.
 i - a +0 cloak
Wands
 g - a wand of flame (11)
Potions
 e - 6 potions of curing
 f - 3 potions of heal wounds
 k - a potion of mutation
 n - a potion of resistance

Dungeon Overview and Level Annotations

Branches:
Dungeon (5/15)             Temple (1/1) D:4

Altars:
Cheibriados
Dithmenos
Elyvilon
Fedhas
Gozag
Hepliaklqana
Kikubaaqudgha
Makhleb
Nemelex Xobeh
Qazlal
Ru
Trog
Uskayaw
Wu Jian
Xom
Yredelemnul
Zin


Message History

The arrow barely misses the gnoll sergeant.
The gnoll sergeant misses you.
You shoot an arrow.
The arrow hits the gnoll sergeant but does no damage.
The gnoll sergeant is moderately wounded.
You hear a shout!
The gnoll sergeant hits you from afar with a +1 spear of freezing!
The gnoll sergeant freezes you.
A gnoll comes into view. It is wielding a +0 whip.
You hear a shout!
You shoot an arrow.
The arrow barely misses the gnoll sergeant.
The gnoll sergeant barely misses you.
You shoot an arrow.
The arrow hits the gnoll sergeant but does no damage.
The gnoll sergeant is moderately wounded.
The gnoll sergeant hits you from afar with a +1 spear of freezing!
The gnoll sergeant freezes you.
You shoot an arrow. The arrow hits the gnoll sergeant.
The gnoll sergeant is heavily wounded.
You hear a shout!
A gnoll comes into view. It is wielding a +0 club.
The gnoll sergeant closely misses you.
You hear a shout!
You shoot an arrow. The arrow hits the gnoll.
The gnoll is heavily wounded.
The gnoll misses you. The gnoll sergeant barely misses you.
You shoot an arrow. The arrow hits the gnoll.
The gnoll is almost dead.
The gnoll sergeant misses you.
You shoot an arrow. The arrow hits the gnoll.
You kill the gnoll!
The gnoll sergeant hits you from afar with a +1 spear of freezing!
The gnoll sergeant freezes you.
4599 ||| READING scroll of teleportation.
As you read the scroll of teleportation, it crumbles to dust.
You feel strangely unstable.
A gnoll comes into view. It is wielding a +0 spear.
The gnoll sergeant hits you from afar with a +1 spear of freezing!
You die...

... ####### #.#
##.....## #.# ##.......#
#.# #......... #.#
#......... ##.#
#......... .. #)@#
#.........
##..##g########.........
>...gg.................#
##.#...####.............
#....$...#.............
###..###...............
#.. ##...............
.##.. #................
.....##..#....#.......#


You could see a gnoll sergeant and 2 gnolls.

Vanquished Creatures
  Grinder (D:5)
  Sigmund (D:5)
  Menkaure (D:5)
  A sky beast (D:3)
  An ogre (D:5)
  3 killer bees (D:4)
  A howler monkey (D:5)
  2 hounds
  2 jellies
  4 iguanas
  An orc wizard (D:4)
  2 gnolls
  7 adders
  4 dart slugs
  A ribbon worm (D:2)
  5 orcs (D:4)
  5 endoplasms
  A giant cockroach (D:4)
  5 goblins
  12 hobgoblins
  8 jackals
  3 quokkas
  5 ball pythons
  6 bats
  2 frilled lizards
  9 kobolds
  6 rats
99 creatures vanquished.

Notes
Turn   | Place    | Note
-------+----------+-------------------------------------------
     0 | D:1      | qw the Deep Elf Hunter began the quest for the Orb.
     0 | D:1      | Reached XP level 1. HP: 12/12 MP: 3/3
     0 | D:1      | 0 ||| qw: Version: 0.3-a-155-g5e7d8dd
     0 | D:1      | 0 ||| qw: Game counter: 1965
     0 | D:1      | 0 ||| qw: Melee chars always use a shield: true
     0 | D:1      | 0 ||| qw: God list: Okawaru
     0 | D:1      | 0 ||| qw: Allow faded altars: false
     0 | D:1      | 0 ||| qw: Do Orc after clearing Dungeon:15 true
     0 | D:1      | 0 ||| qw: Do second Lair branch before Depths: true
     0 | D:1      | 0 ||| qw: Lair rune preference: random
     0 | D:1      | 0 ||| qw: Goals: Normal
     0 | D:1      | 0 ||| PLANNING D:1-11
   187 | D:1      | Reached XP level 2. HP: 16/16 MP: 4/4
   193 | D:1      | Reached skill level 6 in Ranged Weapons
   514 | D:1      | 514 ||| READING scroll labelled SEUMAC CEK.
   515 | D:1      | 515 ||| READING scroll labelled UKHLITTYJUH.
   519 | D:1      | 519 ||| READING scroll labelled WEDOSI BURHAINK.
   520 | D:1      | 520 ||| READING scroll labelled AKHUNW DENACHU.
   520 | D:1      | 520 ||| IDENTIFYING fizzy brown potion
   521 | D:1      | 521 ||| READING scroll labelled XEASIF XUE.
   521 | D:1      | Identified a scroll of acquirement
   521 | D:1      | 521 ||| ACQUIRING scarf "Ujirav" {shadows, rElec}
   521 | D:1      | Acquired the scarf "Ujirav" {shadows, rElec}
   523 | D:1      | 523 ||| UPGRADING to scarf "Ujirav" {shadows, rElec}.
   528 | D:1      | 528 ||| DRINKING 3 fuming ruby potions.
   529 | D:1      | 529 ||| DRINKING 3 coppery potions.
   530 | D:1      | 530 ||| DRINKING 2 red potions.
   531 | D:1      | 531 ||| DROPPING scroll of butterflies.
   532 | D:1      | 532 ||| DROPPING potion of brilliance.
   688 | D:2      | Reached XP level 3. HP: 20/20 MP: 5/5
   867 | D:2      | Reached skill level 7 in Ranged Weapons
  1012 | D:2      | Found a blossoming altar of Fedhas.
  1448 | D:2      | Reached XP level 4. HP: 25/25 MP: 6/6
  1464 | D:2      | 1464 ||| UPGRADING to +2 helmet.
  1469 | D:2      | 1469 ||| UPGRADING to +0 scale mail.
  1479 | D:2      | 1479 ||| DROPPING +0 leather armour.
  1480 | D:2      | 1480 ||| DROPPING +6 ring of intelligence.
  1481 | D:2      | 1481 ||| READING scroll of identify.
  1481 | D:2      | 1481 ||| IDENTIFYING orange potion
  1482 | D:2      | 1482 ||| DROPPING potion of degeneration.
  1678 | D:3      | Noticed a sky beast
  1696 | D:3      | Killed a sky beast
  1697 | D:3      | Reached skill level 8 in Ranged Weapons
  1697 | D:3      | Reached XP level 5. HP: 23/29 MP: 7/7
  1722 | D:3      | Found a stormy altar of Qazlal.
  1808 | D:3      | You fall into a shaft and drop 2 floors!
  1808 | D:5      | Entered Level 5 of the Dungeon
  1811 | D:5      | Noticed Grinder
  1825 | D:5      | Paralysed by Grinder for 2 turns
  1837 | D:5      | Killed Grinder
  1838 | D:5      | Reached skill level 10 in Ranged Weapons
  1838 | D:5      | Reached XP level 6. HP: 23/34 MP: 8/8
  1898 | D:5      | Noticed Sigmund
  1911 | D:5      | Killed Sigmund
  1914 | D:5      | HP: 8/34 [poisoned by Sigmund]
  2042 | D:5      | Reached XP level 7. HP: 37/39 MP: 9/9
  2101 | D:5      | 2101 ||| UPGRADING to +0 ring mail.
  2111 | D:5      | 2111 ||| DROPPING +0 scale mail.
  2251 | D:4      | Reached skill level 3 in Dodging
  2934 | D:3      | 2934 ||| READING scroll of identify.
  2934 | D:3      | 2934 ||| IDENTIFYING fuming inky potion
  2935 | D:3      | 2935 ||| READING scroll labelled KEUDEC GYIPN.
  2935 | D:3      | 2935 ||| ENCHANTING +0 ring mail.
  2936 | D:3      | 2936 ||| READING scroll labelled DALICIOTUN.
  2938 | D:3      | 2938 ||| Stepping ~*~*~tactically~*~*~ (cloud).
  3123 | D:4      | Found a staircase to the Ecumenical Temple.
  3124 | D:4      | 3124 ||| PLANNING TEMPLE
  3131 | Temple   | Entered the Ecumenical Temple
  3132 | Temple   | 3132 ||| PLANNING D:1-11
  3646 | D:4      | 3646 ||| FLEEEEING.
  3647 | D:4      | 3647 ||| FLEEEEING.
  3653 | D:4      | 3653 ||| FLEEEEING.
  3654 | D:4      | 3654 ||| FLEEEEING.
  3655 | D:4      | 3655 ||| FLEEEEING.
  3656 | D:4      | 3656 ||| FLEEEEING.
  3657 | D:4      | 3657 ||| FLEEEEING.
  3658 | D:4      | 3658 ||| FLEEEEING.
  3659 | D:4      | 3659 ||| FLEEEEING.
  3877 | D:4      | Reached skill level 11 in Ranged Weapons
  3983 | D:4      | 3983 ||| READING scroll of identify.
  3983 | D:4      | 3983 ||| IDENTIFYING puce potion
  3984 | D:4      | 3984 ||| READING scroll labelled WOZUTY YJEEG.
  3985 | D:4      | 3985 ||| DROPPING potion of attraction.
  4041 | D:5      | Noticed Menkaure
  4043 | D:5      | 4043 ||| RETREEEEATING.
  4044 | D:5      | 4044 ||| RETREEEEATING.
  4045 | D:5      | 4045 ||| RETREEEEATING.
  4046 | D:5      | 4046 ||| STAIRDANCE
  4053 | D:4      | HP: 5/40 [killer bee (6)]
  4054 | D:4      | 4054 ||| READING 3 scrolls of teleportation.
  4054 | D:4      | HP: 2/40 [poisoned by a killer bee]
  4055 | D:4      | 4055 ||| DRINKING 6 potions of heal wounds.
  4059 | D:4      | HP: 10/40 [poisoned by a killer bee]
  4106 | D:4      | HP: 9/40 [poisoned by a killer bee]
  4107 | D:4      | 4107 ||| READING 2 scrolls of teleportation.
  4108 | D:4      | 4108 ||| DRINKING 5 potions of heal wounds.
  4110 | D:4      | 4110 ||| DRINKING 4 potions of heal wounds.
  4202 | D:4      | HP: 10/40 [poisoned by a killer bee]
  4207 | D:4      | HP: 6/40 [poisoned by a killer bee]
  4368 | D:5      | 4368 ||| STAIRDANCE
  4474 | D:5      | Killed Menkaure
  4475 | D:5      | Reached skill level 12 in Ranged Weapons
  4475 | D:5      | Reached XP level 8. HP: 44/44 MP: 10/10
  4518 | D:5      | 4518 ||| RETREEEEATING.
  4538 | D:5      | Reached skill level 3 in Fighting
  4598 | D:5      | HP: 5/46 [gnoll sergeant/+1 spear of freezing (8)]
  4598 | D:5      | HP: 1/46 [gnoll sergeant/+1 spear of freezing (4)]
  4599 | D:5      | 4599 ||| READING scroll of teleportation.
  4599 | D:5      | Mangled by a gnoll sergeant

Levels and vault maps discovered:
D:1:      mushboom_english_gardens, layout_basic
D:2:      layout_basic, basic_altar
D:3:      layout_basic, nicolae_qazlal_beasts_of_the_sky
D:4:      kb_forest_paths, layout_basic, minmay_temple_entry_poolview
D:5:      layout_rooms, uniq_sigmund, uniq_grinder, uniq_menkaure
Temple:   compressed_dpeg_triangle_lava_temple

Skill      XL: |  1  2  3  4  5  6  7  8 |
---------------+-------------------------+-----
Ranged Weapons | 6 7 8 10 12 | 12.0
Armour         | 2 |  2.4
Fighting       | 2 3 |  3.0
Dodging        | 3 |  3.9
Stealth        | |  1.2

Action                     |  1- 3 |  4- 6 |  7- 9 || total
---------------------------+-------+-------+-------++-------
   Fire: Shortbow          |   124 |    87 |   238 ||   449
    Use: Scroll            |     5 |     1 |     8 ||    14
         Potion            |     3 |       |     3 ||     6
 Armour: Leather armour    |    17 |       |       ||    17
         Scale mail        |       |    46 |     1 ||    47
         Ring mail         |       |       |   127 ||   127
  Dodge: Dodged            |    29 |    17 |   106 ||   152

Table legend:
 A = Non-vault XP
 B = Vault XP
 C = Vault XP percentage of total XP
 D = Non-vault monster count
 E = Vault monster count
 F = Vault count percentage of total count
                 A         B        C        D         E       F
            +---------+---------+-------+---------+---------+-------
      Total |     931 |     808 |  46.5 |      89 |      10 |  10.1
            +---------+---------+-------+---------+---------+-------
        D:1 |      35 |       0 |   0.0 |      22 |       0 |   0.0
        D:2 |      63 |       0 |   0.0 |      20 |       0 |   0.0
        D:3 |      25 |     127 |  83.6 |      12 |       1 |   7.7
        D:4 |     472 |      24 |   4.8 |      27 |       6 |  18.2
        D:5 |     336 |     657 |  66.2 |       8 |       3 |  27.3
            +---------+---------+-------+---------+---------+-------
